 Dungeon Crawl Stone Soup version 0.22-a0-247-gbddf880 (webtiles) character file.

159 mhoghedin the Magician (level 5, -2/37 HPs)
             Began as a Gnoll Wanderer on Feb 26, 2018.
             Was a Follower of Cheibriados.
             Blown up by Ijyb (19 damage)
             ... with a wand of disintegration (13)
             ... on level 3 of the Dungeon.
             The game lasted 00:03:16 (1766 turns).

mhoghedin the Magician (Gnoll Wanderer)             Turns: 1766, Time: 00:03:17

Health: -2/37      AC: 11    Str: 22    XL:     5   Next: 40%
Magic:  12/12      EV:  7    Int: 14    God:    Cheibriados [*.....]
Gold:   172        SH:  9    Dex: 16    Spells: 14/14 levels left

rFire    . . .     SeeInvis .   g - +0 hand axe (chop)
rCold    . . .     Gourm    .   a - +0 shield
rNeg     . . .     Faith    .   e - +0 chain mail (curse)
rPois    .         Spirit   .   (no helmet)
rElec    .         Reflect  .   (no cloak)
rCorr    .         Harm     .   k - +2 pair of gloves
MR       .....                  (no boots)
Stlth    ..........             (no amulet)
HPRegen  0.12/turn              m - +2 ring of strength
MPRegen  0.13/turn              (no ring)

@: very slow
A: distributed training, fangs 1, strong nose
a: Bend Time, Renounce Religion


You were on level 3 of the Dungeon.
You worshipped Cheibriados.
Cheibriados was aware of your devotion.
You were not hungry.

You visited 1 branch of the dungeon, and saw 3 of its levels.

You collected 172 gold pieces.

Inventory:

Hand Weapons
 d - a +0 club
 g - a +0 hand axe of chopping (weapon)
   (You found it on level 1 of the Dungeon)
Armour
 a - a +0 shield (worn)
 e - a cursed +0 chain mail (worn)
   (You found it on level 1 of the Dungeon)
 k - a +2 pair of gloves (worn)
   (You found it on level 1 of the Dungeon)
Jewellery
 m - a +2 ring of strength (left hand)
   (You found it on level 1 of the Dungeon)
Scrolls
 c - a scroll of teleportation {unknown}
 i - 7 scrolls of identify {unknown}
 l - 2 scrolls of remove curse {unknown}
 n - a scroll of enchant weapon {unknown}
 p - a scroll of fog {unknown}
 r - a scroll of enchant armour {unknown}
Potions
 b - a potion of curing
 h - a potion of degeneration {unknown}
 j - a potion of lignification {unknown}
 o - a potion of flight {unknown}
 q - a potion of berserk rage {unknown}
 t - a potion of might {unknown}
Comestibles
 f - 8 rations


   Skills:
 + Level 1.4 Fighting
 + Level 1.4 Short Blades
 + Level 1.4 Long Blades
 + Level 1.4 Axes
 + Level 1.4 Maces & Flails
 + Level 4.7 Polearms
 + Level 1.4 Staves
 + Level 1.4 Slings
 + Level 1.4 Bows
 + Level 1.4 Crossbows
 + Level 1.4 Throwing
 + Level 1.4 Armour
 + Level 2.9 Dodging
 + Level 2.7 Stealth
 + Level 2.9 Shields
 + Level 1.4 Unarmed Combat
 + Level 5.2 Spellcasting
 + Level 1.1 Conjurations
 + Level 2.3 Hexes
 + Level 1.1 Charms
 + Level 1.1 Summonings
 + Level 3.9 Necromancy
 + Level 1.1 Translocations
 + Level 1.1 Transmutations
 + Level 1.1 Fire Magic
 + Level 1.1 Ice Magic
 + Level 1.1 Air Magic
 + Level 1.1 Earth Magic
 + Level 1.1 Poison Magic
 + Level 1.6 Invocations
 + Level 1.4 Evocations


You had 14 spell levels left.
You didn't know any spells.

Dungeon Overview and Level Annotations

Branches:
Dungeon (3/15)

Altars:
Cheibriados
Kikubaaqudgha
Nemelex Xobeh
Sif Muna
Xom
The Shining One

Annotations:
D:3 Ijyb


Innate Abilities, Weirdness & Mutations

Your experience applies equally to all skills.
You have very sharp teeth.
Your uncanny sense of smell can sniff out nearby items.


Message History

The adder barely misses you.
Your shield prevents you from hitting the adder.
You block the adder's attack. The adder bites you but does no damage.
You hit the adder but do no damage. The adder barely misses you.
The adder bites you but does no damage.
You miss the adder. The adder closely misses you.
You miss the adder. You bite the adder. The adder barely misses you. x2
You barely miss the adder. You block the adder's attack.
The adder bites you but does no damage.
You hit the adder.
You kill the adder!
Cheibriados appreciates the change of pace.
The adder barely misses you.
You hit the adder. The adder barely misses you. You block the adder's attack.
You hit the adder but do no damage. The adder barely misses you.
You miss the adder. The adder bites you but does no damage.
The adder barely misses you.
Your shield and chain mail prevent you from hitting the adder.
The adder bites you but does no damage. x2
You barely miss the adder. You block the adder's attack.
You closely miss the adder. The adder completely misses you.
The adder bites you but does no damage.
You closely miss the adder. The adder bites you but does no damage.
You block the adder's attack.
You hit the adder. You block the adder's attack. x2
You hit the adder but do no damage. You block the adder's attack.
You barely miss the adder. You block the adder's attack. The adder bites you.
You take 1 damage, and have 17/37 hp.
You hit the adder. You block the adder's attack. The adder closely misses you.
Your shield and chain mail prevent you from hitting the adder.
Your bite misses the adder. The adder barely misses you. The adder bites you.
You take 1 damage, and have 17/37 hp.
You barely miss the adder. Your bite misses the adder.
The adder bites you but does no damage. x2
You miss the adder. You block the adder's attack.
You hit the adder.
You kill the adder!
Cheibriados thoroughly appreciates the change of pace.
You closely miss the kobold. Your bite misses the kobold.
The kobold barely misses you.
Your chain mail prevents you from hitting the kobold.
You block the kobold's attack. x2
You closely miss the kobold. You bite the kobold.
The kobold hits you with a short sword of venom.
You are poisoned.
You take 2 damage, and have 16/37 hp.
You closely miss the kobold.
You kill the kobold!
Cheibriados appreciates the change of pace.
You feel sick. The adder bites you but does no damage.
You take 1 damage, and have 15/37 hp.
You closely miss the adder. Your bite misses the adder.
The adder closely misses you. x2
You miss the adder.
You feel sick. The adder barely misses you.
You take 1 damage, and have 14/37 hp.
You barely miss the adder. The adder bites you.
You are more poisoned.
The adder poisons you! The adder bites you but does no damage.
You take 1 damage, and have 13/37 hp.
Unknown command.
You miss the adder. Your bite misses the adder.
You feel sick. The adder bites you but does no damage.
The adder completely misses you.
Your shield and chain mail prevent you from hitting the adder.
You feel sick. The adder bites you but does no damage.
You take 1 damage, and have 12/37 hp.
You feel better. The adder closely misses you. The adder barely misses you.
Ijyb screams, "No!
No, no, no, no!"
You regained 5 hp, and now have 17/37 hp.
You barely miss the adder. The adder barely misses you.
You miss the adder. Your bite misses the adder.
The adder bites you but does no damage. The adder barely misses you.
Your chain mail prevents you from hitting the adder.
You block the adder's attack.
Unknown command.
You barely miss the adder. Your bite misses the adder.
The adder bites you but does no damage. x2
You miss the adder. The adder bites you.
You are poisoned.
The adder poisons you! The adder bites you.
You are more poisoned.
The adder poisons you!
You take 2 damage, and have 15/37 hp.
You feel better. You block the adder's attack.
You regained 8 hp, and now have 23/37 hp.
You hit the adder. You block the adder's attack.
The adder bites you but does no damage.
You closely miss the adder. The adder barely misses you.
You slash the adder!
You kill the adder!
Cheibriados thoroughly appreciates the change of pace.
Ijyb zaps a wand.
You are blasted!
You take 7 damage, and have 16/37 hp.
You hit Ijyb. You block Ijyb's attack.
You closely miss Ijyb. Ijyb hits you but does no damage.
You hit Ijyb but do no damage. Ijyb closely misses you.
Ijyb zaps a wand.
You are blasted!
Ouch! That really hurt!
You die...

############ #..........#
####..........#
..............#
..............#
..............#
..............# ##.
..............#####.....
..............sg@.....# .
...............#####.....
...............###.. #...
....########.....#.#.....
....# #..###g#......?
##### #..# #K..8..... #
................. #
.#..........s..... #
#.........$....>.


You could see Ijyb and a giant cockroach.

Vanquished Creatures
  An orc wizard (D:3)
  7 adders
  3 dart slugs
  3 worms (D:2)
  2 orcs (D:3)
  A giant cockroach (D:3)
  8 hobgoblins
  10 jackals
  2 quokkas
  A ball python (D:3)
  6 bats
  A frilled lizard (D:3)
  2 goblins
  3 kobolds
  A rat (D:2)
51 creatures vanquished.

Vanquished Creatures (others)
  5 toadstools (D:1)
5 creatures vanquished.

Grand Total: 56 creatures vanquished

Notes
Turn   | Place    | Note
-------+----------+-------------------------------------------
     0 | D:1      | mhoghedin the Gnoll Wanderer began the quest for the Orb.
     0 | D:1      | mhoghedin set off with: a +0 shield, a potion of curing, a +0 robe, a +0 club, a ration
     0 | D:1      | Reached XP level 1. HP: 13/13 MP: 6/6
   129 | D:1      | Reached skill level 2 in Hexes
   152 | D:1      | Reached XP level 2. HP: 18/19 MP: 7/7
   645 | D:2      | Reached XP level 3. HP: 20/25 MP: 9/9
   649 | D:2      | Reached skill level 5 in Spellcasting
   697 | D:2      | Found a snail-covered altar of Cheibriados.
   708 | D:2      | Reached skill level 1 in Invocations
   811 | D:2      | Became a worshipper of Cheibriados the Contemplative
   853 | D:2      | Reached skill level 1 in Fighting
   853 | D:2      | Reached skill level 1 in Short Blades
   853 | D:2      | Reached skill level 1 in Long Blades
   853 | D:2      | Reached skill level 1 in Axes
   853 | D:2      | Reached skill level 1 in Maces & Flails
   853 | D:2      | Reached skill level 1 in Staves
   853 | D:2      | Reached skill level 1 in Slings
   853 | D:2      | Reached skill level 1 in Bows
   853 | D:2      | Reached skill level 1 in Crossbows
   853 | D:2      | Reached skill level 1 in Throwing
   853 | D:2      | Reached skill level 1 in Armour
   853 | D:2      | Reached skill level 1 in Unarmed Combat
   853 | D:2      | Reached skill level 1 in Evocations
   939 | D:2      | Reached XP level 4. HP: 32/32 MP: 11/11
  1091 | D:2      | Found a transporter.
  1112 | D:2      | Found a transporter.
  1116 | D:2      | Found a sparkling altar of Nemelex Xobeh.
  1116 | D:2      | Found a shimmering altar of Xom.
  1129 | D:2      | Found a deep blue altar of Sif Muna.
  1232 | D:2      | Found an ancient bone altar of Kikubaaqudgha.
  1402 | D:3      | Reached skill level 1 in Conjurations
  1402 | D:3      | Reached skill level 1 in Charms
  1402 | D:3      | Reached skill level 1 in Summonings
  1402 | D:3      | Reached skill level 1 in Translocations
  1402 | D:3      | Reached skill level 1 in Transmutations
  1402 | D:3      | Reached skill level 1 in Fire Magic
  1402 | D:3      | Reached skill level 1 in Ice Magic
  1402 | D:3      | Reached skill level 1 in Air Magic
  1402 | D:3      | Reached skill level 1 in Earth Magic
  1402 | D:3      | Reached skill level 1 in Poison Magic
  1421 | D:3      | HP: 6/32 [orc wizard/puff of frost (7)]
  1422 | D:3      | Reached * piety under Cheibriados
  1422 | D:3      | Reached XP level 5. HP: 8/37 MP: 12/12
  1673 | D:3      | Found a glowing golden altar of the Shining One.
  1713 | D:3      | Noticed Ijyb
  1766 | D:3      | Blown up by Ijyb

Vault maps used:
D:1:      ldierk_walled_garden
D:2:      gammafunk_temple_overflow_arena, kennysheep_slug_shrine,
          marbit_many_paths, minmay_tromino_v4_c
D:3:      overflow_temple_1_default, first_ration, st_stairs_1, uniq_ijyb

Skill      XL: |  1  2  3  4 |
---------------+-------------+-----
Hexes          | 2 |  2.3
Spellcasting   | 5 |  5.2
Invocations    | 1 |  1.6
Fighting       | 1 |  1.4
Short Blades   | 1 |  1.4
Long Blades    | 1 |  1.4
Axes           | 1 |  1.4
Maces & Flails | 1 |  1.4
Staves         | 1 |  1.4
Slings         | 1 |  1.4
Bows           | 1 |  1.4
Crossbows      | 1 |  1.4
Throwing       | 1 |  1.4
Armour         | 1 |  1.4
Unarmed Combat | 1 |  1.4
Evocations     | 1 |  1.4
Conjurations   | 1 |  1.1
Charms         | 1 |  1.1
Summonings     | 1 |  1.1
Translocations | 1 |  1.1
Transmutations | 1 |  1.1
Fire Magic     | 1 |  1.1
Ice Magic      | 1 |  1.1
Air Magic      | 1 |  1.1
Earth Magic    | 1 |  1.1
Poison Magic   | 1 |  1.1
Polearms       | |  4.7
Dodging        | |  2.9
Stealth        | |  2.7
Shields        | |  2.9
Necromancy     | |  3.9

Action                   |  1- 3 |  4- 6 || total
-------------------------+-------+-------++-------
Melee: Club              |    15 |       ||    15
       Hand axe          |    78 |   102 ||   180
       Bite              |    14 |    11 ||    25
  Use: Potion            |       |     2 ||     2
  Eat: Chunk             |       |     3 ||     3
Armor: Chain mail        |    80 |    55 ||   135
Dodge: Dodged            |    26 |    44 ||    70
Block: Shield            |    62 |    60 ||   122

Table legend:
 A = Spawn XP
 B = Non-spawn XP
 C = Spawn XP percentage of total XP
 D = Spawn monster count
 E = Non-spawn monster count
 F = Spawn count percentage of total count
 G = Total turns spent on level
                    A         B        C        D         E        F      G
               +---------+---------+-------+---------+---------+-------+---------
         Total |       0 |     228 |   0.0 |       0 |      51 |   0.0 |  1766
               +---------+---------+-------+---------+---------+-------+---------
           D:1 |       0 |      24 |   0.0 |       0 |      12 |   0.0 |   631
           D:2 |       0 |      93 |   0.0 |       0 |      24 |   0.0 |   733
           D:3 |       0 |     111 |   0.0 |       0 |      15 |   0.0 |   402
               +---------+---------+-------+---------+---------+-------+---------

Vault maps used:
D:1:      ldierk_walled_garden
D:2:      gammafunk_temple_overflow_arena, kennysheep_slug_shrine,
          marbit_many_paths, minmay_tromino_v4_c
D:3:      overflow_temple_1_default, first_ration, st_stairs_1, uniq_ijyb

Table legend:
 A = Turns spent in this place as a percentage of turns spent in the entire game.
 B = Non-inter-level travel turns spent in this place as a percentage of non-inter-level travel turns spent in the entire game.
 C = Inter-level travel turns spent in this place as a percentage of turns spent in this place.
 D = Turns resting spent in this place as a percentage of non-inter-level travel turns spent in this place.
 E = Turns spent auto-exploring this place as a percentage of non-inter-level travel turns spent in this place.
 F = Non-inter-level travel turns spent in this place divided by the number of levels of this place that you've seen.
                   A       B       C       D       E      F
               +-------+-------+-------+-------+-------+----------------------
         Total | 100.0 | 100.0 |   4.0 |  18.3 |  56.6 | 565.0
       Dungeon | 100.0 | 100.0 |   4.0 |  18.3 |  56.6 | 565.0
               +-------+-------+-------+-------+-------+----------------------

Table legend:
 A = Kills in this place as a percentage of kills in entire the game.
 B = Kills by you in this place as a percentage of kills by you in the entire game.
 C = Kills by friends in this place as a percentage of kills by friends in the entire game.
 D = Other kills in this place as a percentage of other kills in the entire game.
 E = Experience gained in this place as a percentage of experience gained in the entire game.
 F = Experience gained in this place divided by the number of levels of this place that you have seen.
                   A       B       C       D       E      F
               +-------+-------+-------+-------+-------+----------------------
         Total | 100.0 | 100.0 |   N/A |   N/A | 100.0 |  76.0
       Dungeon | 100.0 | 100.0 |   N/A |   N/A | 100.0 |  76.0
               +-------+-------+-------+-------+-------+----------------------
